 Dungeon Crawl Stone Soup version 0.31-a0-1626-g5cb510d322 (webtiles) character file.

Game seed: 1627766166470575387

6 freelancePsychic the Magician (level 1, -7/13 HPs)
             Began as a Demonspawn Wanderer on Jan 12, 2024.
             Mangled by a boggart
             ... wielding a +0 spear
              (8 damage)
             ... on level 1 of the Dungeon on Jan 13, 2024.
             The game lasted 00:01:26 (111 turns).

freelancePsychic the Magician (Demonspawn Wanderer)  Turns: 111, Time: 00:01:26

Health: -7/13      AC:  2    Str:  8    XL:     1   Next: 75%
Magic:  0/4        EV: 11    Int: 14    God:
Gold:   0          SH:  0    Dex: 14    Spells: 5/6 levels left

rFire   . . .        a - +0 dagger
rCold   . . .        (no shield)
rNeg    . . .        c - +0 robe
rPois   .            (no helmet)
rElec   .            (no cloak)
rCorr   .            (no gloves)
SInv    .            (no boots)
Will    .....        (no amulet)
Stlth   +            (no ring)
HPRegen 0.22/turn    (no ring)
MPRegen 0.09/turn

%: no passive effects
@: very slightly contaminated
A: no striking features
a: no special abilities


You were on level 1 of the Dungeon.
You visited 1 branch of the dungeon, and saw 1 of its levels.

Inventory:

Hand Weapons
 a - a +0 dagger (weapon)
Armour
 c - a +0 robe (worn)
Wands
 d - a wand of polymorph (4)


   Skills:
 + Level 0.1 Fighting
 + Level 3.1 Spellcasting
 - Level 1.0 Summonings
 * Level 3.0 Earth Magic
 - Level 3.0 Evocations


You had 5 spell levels left.
You knew the following spells:

 Your Spells              Type           Power      Damage    Failure   Level
a - Sandblast             Erth           20%        2d7       6%          1

Your spell library contained the following spells:

 Spells                   Type           Power      Damage    Failure   Level
 Summon Small Mammal      Summ           20%        N/A       14%         1
 Call Canine Familiar     Summ           5%         N/A       38%         3
 Brom's Barrelling Bould  Conj/Erth      6%         2d3       75%         4
 Leda's Liquefaction      Alch/Erth      3%         N/A       75%         4


Dungeon Overview and Level Annotations

Branches:
Dungeon (1/15)

Altars:


Message History

Press: ? - help, Q - select action, (/) - cycle Shift-Dir - straight line, f/p - kobold
Aim: a kobold, wielding a +0 dagger (moderately wounded, 77% to hit)
The blast of sand hits the kobold.
You kill the kobold!
Your Earth Magic skill increases to level 3!
HP restored.
A gnoll is nearby!
Okay, then.
Aiming: Polymorph
Press: ? - help, Shift-Dir - straight line, f - gnoll
Aim: a gnoll, wielding a +0 spear (will become a river rat, a boggart, or a rat, chance to affect: 65%)
The gnoll evaporates and reforms as a boggart!
The boggart picks up a +0 spear.
The boggart wields a +0 spear.
Aiming: Sandblast (safe; 6% risk of failure)
Press: ? - help, Q - select action, (/) - cycle Shift-Dir - straight line, f/p - boggart
Aim: a boggart, wielding a +0 spear (77% to hit)
You miscast Sandblast.
You are very lightly contaminated with residual magic.
Nothing appears to happen.
Aiming: Sandblast (safe; 6% risk of failure)
Press: ? - help, Q - select action, (/) - cycle Shift-Dir - straight line, f/p - boggart
Aim: a boggart, wielding a +0 spear (77% to hit)
The blast of sand hits the boggart!
The boggart is heavily wounded.
The boggart hits you from afar with a +0 spear.
The boggart barely misses you.
You don't have enough magic to cast this spell.
Unknown command.
You don't have enough magic to cast this spell.
Unknown command.
The boggart hits you with a +0 spear.
You hit the boggart but do no damage.
The boggart is heavily wounded.
The boggart hits you with a +0 spear.
* * * LOW HITPOINT WARNING * * *
You completely miss the boggart.
The boggart is heavily wounded.
The boggart hits you with a +0 spear!
Ouch! That really hurt!
You die...

.......
........#
........#
........###
..........
.........#
#........####
+....)..@g..#
#.......###.#
####+#+#..#.#
#†.#.########
#...........#
##.#.######.#
#.#.# #.#
..#.# #.#
####.# #.#


You could see a boggart.

Vanquished Creatures
  An endoplasm (D:1)
  A goblin (D:1)
  A hobgoblin (D:1)
  A kobold (D:1)
  A rat (D:1)
5 creatures vanquished.

Notes
Turn   | Place    | Note
-------+----------+-------------------------------------------
     0 | D:1      | freelancePsychic the Demonspawn Wanderer began the quest
                  | for the Orb.
     0 | D:1      | freelancePsychic set off with the following items: a +0
                  | dagger, a scroll of fear, a +0 robe, a wand of polymorph
                  | (5); and the following spells available to memorise:
                  | Sandblast, Summon Small Mammal, Call Canine Familiar,
                  | Brom's Barrelling Boulder, Leda's Liquefaction.
     0 | D:1      | Reached XP level 1. HP: 13/13 MP: 4/4
     0 | D:1      | Upgraded the game from 0.31-a0-1620-gcbf77bbcfc to
                  | 0.31-a0-1626-g5cb510d322
    11 | D:1      | Learned a level 1 spell: Sandblast
   106 | D:1      | a gnoll changed into a boggart
   106 | D:1      | Noticed a boggart
   111 | D:1      | Mangled by a boggart

Illustrated notes

Levels and vault maps discovered:
D:1:      wander_arrival_peaceful_grave, layout_basic,
          hangedman_decor_diamond_cutter, st_stairs_12, minivault_14,
          chequers_serial_rivers_marsh, chequers_serial_rivers_micro_a

Skill      XL: |  1 |
---------------+----+-----
Earth Magic    | 3 |  3.0
Fighting       | |  0.1
Spellcasting   | |  3.1
Summonings     | |  1.0
Evocations     | |  3.0

Action                     || total
---------------------------++-------
  Melee: Dagger            ||     4
   Cast: Sandblast         ||    10
  Evoke: Wand              ||     1
    Use: Scroll            ||     1
 Armour: Robe              ||     7
  Dodge: Dodged            ||     3

Table legend: (Time is in decaauts)
 A = Elapsed time spent in this place.
 B = Non-inter-level travel time spent in this place.
 C = Inter-level travel time spent in this place.
 D = Time resting spent in this place.
 E = Time spent auto-exploring this place.
 F = Levels seen in this place.
 G = Mean time per level.
                   A        B        C        D        E       F      G
               +--------+--------+--------+--------+--------+-----+--------+
         Total |    116 |    116 |      0 |      0 |     28 |   1 |  116.0 |
       Dungeon |    116 |    116 |      0 |      0 |     28 |   1 |  116.0 |
               +--------+--------+--------+--------+--------+-----+--------+

Top non-repeatable levels by time:
     D:1: 116 daAuts
